Bruins vs Blues
(R1)
Created - May 30, 2023 at 21:15
Goals
|
| Bruins |
1 |
0 |
0 |
1 |
| Blues |
1 |
0 |
2 |
3 |
|
Shots
|
| Bruins |
13 |
13 |
6 |
32 |
| Blues |
17 |
8 |
3 |
28 |
|
1st period
1. Bruins , Brendan Smith 4 (Jonathan Toews 52, Wojtek Wolski 55) at 18:23
2. Blues , Tyler Johnson 32 (Filip Forsberg 49, Seth Jones 44) at 19:52 (PP)
Penalties :
Danton Heinen (Stl) for High sticking (Minor) at 8:02, Devin Setoguchi (Stl) for Tripping (Minor) at 11:08, Jonathan Toews (Bos) for Hooking (Minor) at 16:02, Kevin Hayes (Bos) for Hooking (Minor) at 18:46
2nd period
No Goal
Penalties :
John Quenneville (Bos) for Interference (Minor) at 2:12
3rd period
3. Blues , Adam Henrique 27 (Tyler Johnson 45, Filip Forsberg 50) at 17:22
4. Blues , Filip Forsberg 39 (Adam Henrique 53) at 19:35 (SH) (Empty Net)
Penalties :
Linus Omark (Stl) for Delaying the game (Minor) at 1:07, Tyler Johnson (Stl) for Interference (Minor) at 18:40
Goalie Stats
Kevin Poulin (Bos), 25 saves from 27 shots - (0.926), L, 37-26-6, 59:30 minutes
Carey Price (Stl), 31 saves from 32 shots - (0.969), W, 39-21-5, 60:00 minutes
Players Stats for Bruins
Player Name G A P +/- PIM S H SB GA TA FO MP PP MP PK MP
------------------------------------------------------------------------------------
Adam Pelech 0 0 0 0 0 2 1 0 0 0 0/0 11:06 0:00 0:00
Alex Petrovic 0 0 0 0 0 1 1 0 0 2 0/0 17:54 0:00 0:00
Andreas Athanasiou 0 0 0 0 0 0 3 0 0 0 1/1 15:17 0:01 0:00
Brendan Smith 1 0 1 0 0 3 3 2 0 0 0/0 21:17 2:54 1:57
David Booth 0 0 0 -1 0 1 0 0 0 0 1/1 12:16 0:01 0:30
Gabriel Landeskog 0 0 0 -2 0 1 3 1 3 0 2/3 20:14 4:24 1:30
Jason Demers 0 0 0 0 0 1 1 2 0 0 0/0 20:27 4:22 3:07
John Quenneville 0 0 0 -1 2 2 3 0 0 0 4/6 15:33 0:01 0:00
Jonathan Toews 0 1 1 0 2 4 0 0 0 0 3/6 12:39 4:24 1:02
Josh Manson 0 0 0 0 0 0 0 0 2 0 0/0 22:35 2:54 1:57
Kevin Hayes 0 0 0 0 2 2 1 0 0 0 8/19 16:29 2:51 0:00
Matt Read 0 0 0 -1 0 1 2 1 0 0 0/0 11:27 0:00 0:00
Mikael Backlund 0 0 0 0 0 3 2 0 0 0 2/5 12:08 0:00 0:58
Taylor Beck 0 0 0 0 0 3 0 0 0 0 0/0 14:59 0:00 0:00
Torey Krug 0 0 0 0 0 3 2 2 1 0 0/0 24:54 4:22 3:07
Victor Oreskovich 0 0 0 0 0 0 4 0 0 0 0/0 16:30 2:51 0:00
Wojtek Wolski 0 1 1 1 0 3 0 1 0 0 0/0 13:52 2:51 3:04
Zack Kassian 0 0 0 -1 0 2 1 1 1 0 4/9 15:16 4:24 3:04
Players Stats for Blues
Player Name G A P +/- PIM S H SB GA TA FO MP PP MP PK MP
------------------------------------------------------------------------------------
Adam Henrique 1 1 2 2 0 3 1 0 1 0 15/29 20:37 3:17 1:32
Alex Pietrangelo 0 0 0 1 0 3 2 0 0 1 0/0 23:24 2:51 3:09
Brandon Montour 0 0 0 1 0 0 1 2 0 1 0/0 16:42 2:13 0:00
Cody Ceci 0 0 0 -1 0 0 1 1 0 1 0/0 19:54 0:00 4:07
Danton Heinen 0 0 0 -1 2 0 2 0 0 0 0/0 7:27 0:00 0:00
David Perron 0 0 0 0 0 0 3 1 0 0 0/1 16:42 1:47 1:38
Devin Setoguchi 0 0 0 0 2 4 2 1 0 0 0/0 11:39 0:00 0:00
Drew Shore 0 0 0 0 0 0 1 0 0 1 6/11 15:48 0:00 4:29
Filip Forsberg 1 2 3 2 0 6 3 0 0 0 0/0 18:48 3:17 0:14
Jacob Slavin 0 0 0 1 0 1 1 1 0 1 0/0 23:42 2:51 3:09
Linus Omark 0 0 0 -1 2 1 1 0 0 0 0/0 8:40 0:00 1:15
Martin Marincin 0 0 0 1 0 0 0 3 0 0 0/0 16:20 0:00 4:07
Matt Martin 0 0 0 0 0 0 3 0 0 0 0/1 11:19 0:00 0:00
Nathan MacKinnon 0 0 0 0 0 1 2 0 0 0 4/8 14:58 1:47 0:00
Nikolaj Ehlers 0 0 0 0 0 3 0 0 1 0 0/0 14:58 1:47 0:00
Samuel Morin 0 0 0 -1 0 0 0 0 0 0 0/0 9:13 0:00 1:47
Seth Jones 0 1 1 -1 0 2 2 2 0 1 0/0 19:58 2:13 0:00
Tyler Johnson 1 1 2 1 2 4 1 1 0 1 0/0 22:31 3:17 3:37
3 Stars
1 - Filip Forsberg (Stl)
2 - Carey Price (Stl)
3 - Adam Henrique (Stl)
Power Play
Bruins - 0 on 4 Attempt(s) - 0.00%
Blues - 1 on 3 Attempt(s) - 33.33%
Penalty Kill
Bruins - 2 on 3 Attempt(s) - 66.67%
- Score 0 goal in Penalty Kill
Blues - 4 on 4 Attempt(s) - 100.00%
- Score 1 goal in Penalty Kill
Team Stat
Bruins - Hits : 27 - Faceoff Wins : 25 - Blocked Shots : 10 - Penalty Minutes : 6
Blues - Hits : 26 - Faceoff Wins : 25 - Blocked Shots : 12 - Penalty Minutes : 8
Official
Referees : Frederick L'Ecuyer and Mitch Dunning
Linesman : Devin Berg and Ryan Gibbons
Game Notes
Filip Forsberg has scored in a empty net!
Finance
Level 1 -- Attendance: 6000 (100.00%) -- Ticket Income $600,000
Level 2 -- Attendance: 4675 (93.50%) -- Ticket Income $280,500
Level 3 -- Attendance: 2000 (100.00%) -- Ticket Income $70,000
Level 4 -- Attendance: 4000 (100.00%) -- Ticket Income $100,000
Luxury Box -- Attendance: 960 (96.00%) -- Ticket Income $192,000
Game was played at the Enterprise Center.
Total Attendance: 17635 (97.97%)
Total Ticket Income: $1,242,500
Other Income: $186,375
Total Income: $1,428,875
Bruins
5 vs 5 Forward
Center Left Wing Right Wing Time % Phy DF OF
1 Kevin Hayes Gabriel Landeskog Victor Oreskovich 40 1 2 2
2 John Quenneville Taylor Beck Andreas Athanasiou 39 2 2 1
3 Mikael Backlund David Booth Matt Read 20 3 2 0
4 Jonathan Toews Wojtek Wolski Zack Kassian 1 1 2 2
5 vs 5 Defense
Defense Defense Time % Phy DF OF
1 Alex Petrovic Josh Manson 45 3 2 0
2 Brendan Smith Torey Krug 35 1 2 2
3 Jason Demers Adam Pelech 10 1 2 2
4 Jason Demers Torey Krug 10 1 2 2
PowerPlay Forward
Center Left Wing Right Wing Time % Phy DF OF
1 Jonathan Toews Gabriel Landeskog Zack Kassian 60 0 2 3
2 Kevin Hayes Wojtek Wolski Victor Oreskovich 40 0 2 3
PowerPlay Defense
Defense Defense Time % Phy DF OF
1 Jason Demers Torey Krug 60 1 2 2
2 Brendan Smith Josh Manson 40 1 2 2
Penalty Kill 4 Players Forward
Center Wing Time % Phy DF OF
1 Zack Kassian Wojtek Wolski 60 1 2 2
2 Gabriel Landeskog Jonathan Toews 40 1 2 2
Penalty Kill 4 Players Defense
Defense Defense Time % Phy DF OF
1 Jason Demers Torey Krug 60 1 2 2
2 Brendan Smith Josh Manson 40 1 2 2
Penalty Kill - 3 Players Forward
Forward Time % Phy DF OF
1 Zack Kassian 60 0 3 2
2 Wojtek Wolski 40 0 3 2
Penalty Kill - 3 Players Defense
Defense Defense Time % Phy DF OF
1 Jason Demers Torey Krug 60 1 2 2
2 Brendan Smith Josh Manson 40 1 2 2
4 vs 4 Forward
Center Wing Time % Phy DF OF
1 Zack Kassian Wojtek Wolski 60 1 2 2
2 Gabriel Landeskog Jonathan Toews 40 1 2 2
4 vs 4 Defense
Defense Defense Time % Phy DF OF
1 Jason Demers Torey Krug 60 1 2 2
2 Brendan Smith Josh Manson 40 1 2 2
Last Minutes Offensive
Center Left Wing Right Wing Defense Defense
Jonathan Toews Wojtek Wolski Zack Kassian Jason Demers Torey Krug
Last Minutes Defensive
Center Left Wing Right Wing Defense Defense
Jonathan Toews Wojtek Wolski Zack Kassian Jason Demers Torey Krug
Goaltenders
Starting : Kevin Poulin
Backup : Keith Kinkaid
Extra Forwards
Normal : Wojtek Wolski, Zack Kassian, Gabriel Landeskog - PP : Gabriel Landeskog, Zack Kassian - PK : Mikael Backlund
Extra Defensemen
Normal : Alex Petrovic, Adam Pelech, Brendan Smith - PP : Alex Petrovic - PK : Adam Pelech, Brendan Smith
Penalty Shots
Zack Kassian, Wojtek Wolski, Gabriel Landeskog, Jonathan Toews, Kevin Hayes
Scratches
Casey Cizikas (Suspend), Madison Bowey (Left Forearm Injury)
Blues
5 vs 5 Forward
Center Left Wing Right Wing Time % Phy DF OF
1 Adam Henrique Filip Forsberg Tyler Johnson 40 0 2 3
2 Nathan MacKinnon David Perron Nikolaj Ehlers 30 0 2 3
3 Drew Shore Matt Martin Devin Setoguchi 20 1 2 2
4 Linus Omark Samuel Morin Danton Heinen 10 0 3 2
5 vs 5 Defense
Defense Defense Time % Phy DF OF
1 Alex Pietrangelo Jacob Slavin 40 1 2 2
2 Cody Ceci Seth Jones 30 1 2 2
3 Martin Marincin Brandon Montour 20 1 2 2
4 Seth Jones Brandon Montour 10 1 2 2
PowerPlay Forward
Center Left Wing Right Wing Time % Phy DF OF
1 Adam Henrique Filip Forsberg Tyler Johnson 60 0 2 3
2 Nathan MacKinnon David Perron Nikolaj Ehlers 40 0 2 3
PowerPlay Defense
Defense Defense Time % Phy DF OF
1 Alex Pietrangelo Jacob Slavin 60 0 2 3
2 Brandon Montour Seth Jones 40 0 2 3
Penalty Kill 4 Players Forward
Center Wing Time % Phy DF OF
1 Drew Shore Tyler Johnson 60 1 3 1
2 Linus Omark Samuel Morin 40 1 3 1
Penalty Kill 4 Players Defense
Defense Defense Time % Phy DF OF
1 Cody Ceci Martin Marincin 60 1 2 2
2 Jacob Slavin Alex Pietrangelo 40 1 2 2
Penalty Kill - 3 Players Forward
Forward Time % Phy DF OF
1 Drew Shore 60 1 2 2
2 Linus Omark 40 1 2 2
Penalty Kill - 3 Players Defense
Defense Defense Time % Phy DF OF
1 Cody Ceci Martin Marincin 60 1 2 2
2 Seth Jones Brandon Montour 40 1 2 2
4 vs 4 Forward
Center Wing Time % Phy DF OF
1 Adam Henrique Filip Forsberg 60 1 2 2
2 Nathan MacKinnon Tyler Johnson 40 1 2 2
4 vs 4 Defense
Defense Defense Time % Phy DF OF
1 Alex Pietrangelo Martin Marincin 60 1 2 2
2 Brandon Montour Seth Jones 40 1 2 2
Last Minutes Offensive
Center Left Wing Right Wing Defense Defense
Nathan MacKinnon Filip Forsberg Tyler Johnson Alex Pietrangelo Seth Jones
Last Minutes Defensive
Center Left Wing Right Wing Defense Defense
Drew Shore Samuel Morin Tyler Johnson Cody Ceci Martin Marincin
Goaltenders
Starting : Carey Price
Backup : Thomas McCollum
Extra Forwards
Normal : Nikolaj Ehlers, Linus Omark, Danton Heinen - PP : Devin Setoguchi, Linus Omark - PK : Tyler Johnson
Extra Defensemen
Normal : Martin Marincin, Brandon Montour, Jacob Slavin - PP : Brandon Montour - PK : Alex Pietrangelo, Brandon Montour
Penalty Shots
David Perron, Matt Martin, Filip Forsberg, Linus Omark, Tyler Johnson
Scratches
Devin Shore (Broken Left Index Finger Injury), Patrick Kaleta (Healthy)
% Time on Ice - Bruins
Lines # - Real PCT - Wanted PCT - Time Play
Normal Forward
1 - 30% - 40% - 14:19
2 - 32% - 39% - 15:23
3 - 23% - 20% - 11:10
4 - 14% - 1% - 6:48
Normal Defense
1 - 39% - 45% - 18:29
2 - 35% - 35% - 16:41
3 - 20% - 10% - 9:28
4 - 6% - 10% - 3:02
PP Forward
1 - 61% - 60% - 4:25
2 - 39% - 40% - 2:51
PP Defense
1 - 60% - 60% - 4:22
2 - 40% - 40% - 2:54
PK Forward
1 - 70% - 60% - 3:34
2 - 30% - 40% - 1:30
PK Defense
1 - 62% - 60% - 3:07
2 - 38% - 40% - 1:57
PK3 Forward
1 - 0% - 60%
2 - 0% - 40%
PK3 Defense
1 - 0% - 60%
2 - 0% - 40%
44 Forward
1 - 0% - 60%
2 - 0% - 40%
44 Defense
1 - 0% - 60%
2 - 0% - 40%
Last Minute Offensive - 0:00
Last Minute Defensive - 0:00
Total
Forward - 60:00
Defense - 60:00
|
% Time on Ice - Blues
Lines # - Real PCT - Wanted PCT - Time Play
Normal Forward
1 - 33% - 40% - 15:44
2 - 28% - 30% - 13:15
3 - 24% - 20% - 11:19
4 - 15% - 10% - 7:22
Normal Defense
1 - 36% - 40% - 17:11
2 - 34% - 30% - 16:24
3 - 23% - 20% - 11:05
4 - 6% - 10% - 3:00
PP Forward
1 - 65% - 60% - 3:17
2 - 35% - 40% - 1:47
PP Defense
1 - 56% - 60% - 2:51
2 - 44% - 40% - 2:13
PK Forward
1 - 75% - 60% - 5:29
2 - 25% - 40% - 1:47
PK Defense
1 - 57% - 60% - 4:07
2 - 43% - 40% - 3:09
PK3 Forward
1 - 0% - 60%
2 - 0% - 40%
PK3 Defense
1 - 0% - 60%
2 - 0% - 40%
44 Forward
1 - 0% - 60%
2 - 0% - 40%
44 Defense
1 - 0% - 60%
2 - 0% - 40%
Last Minute Offensive - 0:00
Last Minute Defensive - 0:00
Total
Forward - 60:00
Defense - 60:00
|
Play-by-Play
1st period
0:01 of 1st period - Kevin Hayes wins face-off versus Adam Henrique in neutral zone.
0:32 of 1st period - Off-side.
0:33 of 1st period - Drew Shore wins face-off versus Mikael Backlund in neutral zone.
0:36 of 1st period - Wrist shot by Matt Martin.
0:36 of 1st period - Shot Blocked by Brendan Smith.
1:27 of 1st period - Wrist shot by John Quenneville.
1:27 of 1st period - Stopped by Carey Price with a rebound.
1:33 of 1st period - Torey Krug is hit by Nathan MacKinnon and loses puck.
1:58 of 1st period - Snap shot by Andreas Athanasiou.
1:58 of 1st period - Shot Blocked by Tyler Johnson.
2:00 of 1st period - Wrist shot by Taylor Beck.
2:00 of 1st period - Shot Misses the Net.
2:04 of 1st period - Slapshot by Torey Krug.
2:04 of 1st period - Stopped by Carey Price with a rebound.
2:06 of 1st period - Snap shot by Brendan Smith.
2:06 of 1st period - Shot Blocked by Martin Marincin.
2:40 of 1st period - Wrist shot by Taylor Beck.
2:40 of 1st period - Stopped by Carey Price with a rebound.
2:42 of 1st period - Slapshot by Taylor Beck.
2:42 of 1st period - Shot Misses the Net.
2:44 of 1st period - Slapshot by Brendan Smith.
2:44 of 1st period - Stopped by Carey Price with a rebound.
2:46 of 1st period - Slapshot by Torey Krug.
2:46 of 1st period - Stopped by Carey Price with a rebound.
2:56 of 1st period - Wrist shot by Tyler Johnson.
2:56 of 1st period - Stopped by Kevin Poulin with a rebound.
4:17 of 1st period - Snap shot by Adam Henrique.
4:17 of 1st period - Stopped by Kevin Poulin without a rebound.
4:18 of 1st period - Kevin Hayes wins face-off versus Nathan MacKinnon in Bruins zone.
4:23 of 1st period - Jacob Slavin is hit by Gabriel Landeskog and loses puck.
4:44 of 1st period - Josh Manson is hit by Matt Martin and loses puck.
4:55 of 1st period - Wrist shot by David Booth.
4:55 of 1st period - Stopped by Carey Price with a rebound.
5:11 of 1st period - Slapshot by Alex Pietrangelo.
5:11 of 1st period - Stopped by Kevin Poulin with a rebound.
5:13 of 1st period - Wrist shot by Danton Heinen.
5:13 of 1st period - Deflect By Linus Omark.
5:13 of 1st period - Stopped by Kevin Poulin without a rebound.
5:14 of 1st period - Nathan MacKinnon wins face-off versus Kevin Hayes in Bruins zone.
5:14 of 1st period - Alex Pietrangelo is hit by Adam Pelech and loses puck.
5:21 of 1st period - Jacob Slavin is hit by Kevin Hayes and loses puck.
6:06 of 1st period - Snap shot by Zack Kassian.
6:06 of 1st period - Deflect By Wojtek Wolski.
6:06 of 1st period - Stopped by Carey Price with a rebound.
6:08 of 1st period - Wrist shot by Wojtek Wolski.
6:08 of 1st period - Stopped by Carey Price without a rebound.
6:09 of 1st period - Nathan MacKinnon wins face-off versus Kevin Hayes in Blues zone.
6:14 of 1st period - Josh Manson is hit by David Perron and loses puck.
6:35 of 1st period - David Booth is hit by Matt Martin and loses puck.
7:04 of 1st period - Slapshot by Alex Pietrangelo.
7:04 of 1st period - Deflect By Jonathan Toews.
7:04 of 1st period - Stopped by Kevin Poulin with a rebound.
8:02 of 1st period - Minor Penalty to Danton Heinen for High sticking.
8:03 of 1st period - Zack Kassian wins face-off versus Drew Shore in Blues zone.
8:04 of 1st period - Snap shot by Gabriel Landeskog.
8:04 of 1st period - Shot Blocked by Jacob Slavin.
8:06 of 1st period - Snap shot by Gabriel Landeskog.
8:06 of 1st period - Shot Misses the Net.
8:08 of 1st period - Snap shot by Zack Kassian.
8:08 of 1st period - Shot Misses the Net.
8:10 of 1st period - Snap shot by Jason Demers.
8:10 of 1st period - Stopped by Carey Price with a rebound.
8:12 of 1st period - Wrist shot by Jonathan Toews.
8:12 of 1st period - Stopped by Carey Price without a rebound.
8:13 of 1st period - Jonathan Toews wins face-off versus Drew Shore in Blues zone.
8:42 of 1st period - Slapshot by Tyler Johnson.
8:42 of 1st period - Shot Misses the Net.
9:10 of 1st period - Snap shot by Jonathan Toews.
9:10 of 1st period - Deflect By Cody Ceci.
9:10 of 1st period - Stopped by Carey Price with a rebound.
9:12 of 1st period - Wrist shot by Zack Kassian.
9:12 of 1st period - Stopped by Carey Price without a rebound.
9:13 of 1st period - Drew Shore wins face-off versus Kevin Hayes in Blues zone.
9:58 of 1st period - Kevin Hayes is hit by Jacob Slavin and loses puck.
10:02 of 1st period - Penalty to Danton Heinen is over, Danton Heinen is back on ice.
10:17 of 1st period - Snap shot by Nikolaj Ehlers.
10:17 of 1st period - Stopped by Kevin Poulin without a rebound.
10:18 of 1st period - Nathan MacKinnon wins face-off versus John Quenneville in Bruins zone.
10:51 of 1st period - Icing by Jason Demers.
10:52 of 1st period - Drew Shore wins face-off versus Mikael Backlund in Bruins zone.
11:08 of 1st period - Minor Penalty to Devin Setoguchi for Tripping.
11:09 of 1st period - Drew Shore wins face-off versus Jonathan Toews in Blues zone.
11:09 of 1st period - Drew Shore is hit by Jason Demers.
12:47 of 1st period - Jason Demers is hit by Alex Pietrangelo and loses puck.
13:08 of 1st period - Penalty to Devin Setoguchi is over, Devin Setoguchi is back on ice.
13:56 of 1st period - David Booth is hit by Linus Omark and loses puck.
14:13 of 1st period - Slapshot by Seth Jones.
14:13 of 1st period - Shot Misses the Net.
15:01 of 1st period - Torey Krug is hit by Filip Forsberg and loses puck.
15:57 of 1st period - Zack Kassian is hit by David Perron.
16:02 of 1st period - Minor Penalty to Jonathan Toews for Hooking.
16:03 of 1st period - Adam Henrique wins face-off versus Zack Kassian in Bruins zone.
16:06 of 1st period - Wrist shot by Filip Forsberg.
16:06 of 1st period - Stopped by Kevin Poulin without a rebound.
16:07 of 1st period - Adam Henrique wins face-off versus Zack Kassian in Bruins zone.
16:10 of 1st period - Slapshot by Alex Pietrangelo.
16:10 of 1st period - Shot Blocked by Wojtek Wolski.
16:12 of 1st period - Slapshot by Alex Pietrangelo.
16:12 of 1st period - Shot Misses the Net.
16:14 of 1st period - Snap shot by Adam Henrique.
16:14 of 1st period - Shot Misses the Net.
16:16 of 1st period - Snap shot by Jacob Slavin.
16:16 of 1st period - Deflect By Wojtek Wolski.
16:16 of 1st period - Stopped by Kevin Poulin with a rebound.
16:18 of 1st period - Slapshot by Jacob Slavin.
16:18 of 1st period - Shot Blocked by Jason Demers.
16:20 of 1st period - Snap shot by Tyler Johnson.
16:20 of 1st period - Stopped by Kevin Poulin with a rebound.
16:22 of 1st period - Snap shot by Tyler Johnson.
16:22 of 1st period - Stopped by Kevin Poulin without a rebound.
16:23 of 1st period - Zack Kassian wins face-off versus Adam Henrique in Bruins zone.
16:42 of 1st period - Wrist shot by Nathan MacKinnon.
16:42 of 1st period - Shot Misses the Net.
16:44 of 1st period - Snap shot by Nathan MacKinnon.
16:44 of 1st period - Stopped by Kevin Poulin with a rebound.
16:46 of 1st period - Slapshot by Brandon Montour.
16:46 of 1st period - Deflect By Nathan MacKinnon.
16:46 of 1st period - Shot Blocked by Zack Kassian.
16:46 of 1st period - Puck is out of play.
16:47 of 1st period - Adam Henrique wins face-off versus Zack Kassian in Bruins zone.
17:04 of 1st period - Snap shot by Filip Forsberg.
17:04 of 1st period - Stopped by Kevin Poulin without a rebound.
17:05 of 1st period - Gabriel Landeskog wins face-off versus David Perron in Bruins zone.
17:14 of 1st period - Slapshot by Jacob Slavin.
17:14 of 1st period - Shot Misses the Net.
18:02 of 1st period - Penalty to Jonathan Toews is over, Jonathan Toews is back on ice.
18:08 of 1st period - Backhand shot by Devin Setoguchi.
18:08 of 1st period - Stopped by Kevin Poulin with a rebound.
18:14 of 1st period - Wojtek Wolski is hit by Matt Martin and loses puck.
18:23 of 1st period - Backhand shot by Brendan Smith.
18:23 of 1st period - Goal by Brendan Smith - Bruins : 1 - Blues : 0.
18:24 of 1st period - Kevin Hayes wins face-off versus Adam Henrique in neutral zone.
18:46 of 1st period - Minor Penalty to Kevin Hayes for Hooking.
18:47 of 1st period - Adam Henrique wins face-off versus Zack Kassian in Bruins zone.
18:50 of 1st period - Snap shot by Filip Forsberg.
18:50 of 1st period - Deflect By Adam Henrique.
18:50 of 1st period - Stopped by Kevin Poulin without a rebound.
18:51 of 1st period - Adam Henrique wins face-off versus Zack Kassian in Bruins zone.
19:02 of 1st period - Slapshot by Alex Pietrangelo.
19:02 of 1st period - Stopped by Kevin Poulin without a rebound.
19:03 of 1st period - Zack Kassian wins face-off versus Adam Henrique in Bruins zone.
19:12 of 1st period - Slapshot by Alex Pietrangelo.
19:12 of 1st period - Shot Misses the Net.
19:36 of 1st period - Snap shot by Alex Pietrangelo.
19:36 of 1st period - Deflect By David Perron.
19:36 of 1st period - Shot Blocked by Gabriel Landeskog.
19:36 of 1st period - Puck is out of play.
19:37 of 1st period - Adam Henrique wins face-off versus Gabriel Landeskog in Bruins zone.
19:38 of 1st period - Wrist shot by Tyler Johnson.
19:38 of 1st period - Shot Misses the Net.
19:40 of 1st period - Wrist shot by Seth Jones.
19:40 of 1st period - Stopped by Kevin Poulin with a rebound.
19:42 of 1st period - Slapshot by Seth Jones.
19:42 of 1st period - Shot Misses the Net.
19:48 of 1st period - Slapshot by Filip Forsberg.
19:48 of 1st period - Shot Hit the Post.
19:50 of 1st period - Wrist shot by Tyler Johnson.
19:50 of 1st period - Shot Blocked by Brendan Smith.
19:52 of 1st period - Wrist shot by Tyler Johnson.
19:52 of 1st period - Goal by Tyler Johnson - Bruins : 1 - Blues : 1.
19:53 of 1st period - Adam Henrique wins face-off versus Kevin Hayes in neutral zone.
Goals for this period are 1 for Bruins vs 1 for Blues.
Shots for this period are 13 for Bruins vs 17 for Blues.
2nd period
0:01 of 2nd period - Adam Henrique wins face-off versus Kevin Hayes in neutral zone.
0:27 of 2nd period - Nikolaj Ehlers is hit by Matt Read and loses puck.
0:55 of 2nd period - Jacob Slavin is hit by John Quenneville and loses puck.
1:49 of 2nd period - Wrist shot by Devin Setoguchi.
1:49 of 2nd period - Stopped by Kevin Poulin with a rebound.
1:57 of 2nd period - Slapshot by Alex Pietrangelo.
1:57 of 2nd period - Shot Misses the Net.
1:59 of 2nd period - Snap shot by Devin Setoguchi.
1:59 of 2nd period - Stopped by Kevin Poulin without a rebound.
2:00 of 2nd period - Andreas Athanasiou wins face-off versus Adam Henrique in Bruins zone.
2:12 of 2nd period - Minor Penalty to John Quenneville for Interference.
2:13 of 2nd period - Zack Kassian wins face-off versus Adam Henrique in Bruins zone.
3:01 of 2nd period - Josh Manson is hit by Filip Forsberg and loses puck.
3:12 of 2nd period - Wojtek Wolski is hit by Alex Pietrangelo.
4:12 of 2nd period - Penalty to John Quenneville is over, John Quenneville is back on ice.
4:15 of 2nd period - Icing by Jason Demers.
4:16 of 2nd period - John Quenneville wins face-off versus Drew Shore in Bruins zone.
5:12 of 2nd period - Martin Marincin is hit by Mikael Backlund and loses puck.
5:45 of 2nd period - Kevin Hayes is hit by Brandon Montour and loses puck.
6:40 of 2nd period - Snap shot by Filip Forsberg.
6:40 of 2nd period - Stopped by Kevin Poulin without a rebound.
6:41 of 2nd period - Nathan MacKinnon wins face-off versus Kevin Hayes in Bruins zone.
6:50 of 2nd period - Slapshot by Adam Pelech.
6:50 of 2nd period - Stopped by Carey Price without a rebound.
6:51 of 2nd period - Gabriel Landeskog wins face-off versus Nathan MacKinnon in Blues zone.
7:38 of 2nd period - Slapshot by Gabriel Landeskog.
7:38 of 2nd period - Stopped by Carey Price with a rebound.
7:43 of 2nd period - Icing by Seth Jones.
7:44 of 2nd period - John Quenneville wins face-off versus Nathan MacKinnon in Blues zone.
8:10 of 2nd period - David Perron is hit by Zack Kassian and loses puck.
8:20 of 2nd period - Off-side.
8:21 of 2nd period - John Quenneville wins face-off versus Adam Henrique in neutral zone.
9:29 of 2nd period - Icing by Alex Petrovic.
9:30 of 2nd period - Adam Henrique wins face-off versus Mikael Backlund in Bruins zone.
10:09 of 2nd period - Devin Setoguchi is hit by Gabriel Landeskog and loses puck.
11:23 of 2nd period - Snap shot by Mikael Backlund.
11:23 of 2nd period - Stopped by Carey Price without a rebound.
11:24 of 2nd period - Mikael Backlund wins face-off versus Matt Martin in Blues zone.
11:25 of 2nd period - Slapshot by David Booth.
11:25 of 2nd period - Shot Blocked by Brandon Montour.
11:27 of 2nd period - Snap shot by Matt Read.
11:27 of 2nd period - Stopped by Carey Price without a rebound.
11:28 of 2nd period - Adam Henrique wins face-off versus Kevin Hayes in Blues zone.
11:28 of 2nd period - Adam Henrique is hit by Alex Petrovic.
11:38 of 2nd period - Wrist shot by Filip Forsberg.
11:38 of 2nd period - Stopped by Kevin Poulin without a rebound.
11:39 of 2nd period - Kevin Hayes wins face-off versus Adam Henrique in Bruins zone.
12:19 of 2nd period - Nikolaj Ehlers is hit by Andreas Athanasiou and loses puck.
12:53 of 2nd period - Cody Ceci is hit by Brendan Smith and loses puck.
13:18 of 2nd period - Wrist shot by Taylor Beck.
13:18 of 2nd period - Stopped by Carey Price with a rebound.
13:20 of 2nd period - Slapshot by John Quenneville.
13:20 of 2nd period - Stopped by Carey Price with a rebound.
13:22 of 2nd period - Wrist shot by Taylor Beck.
13:22 of 2nd period - Shot Misses the Net.
13:24 of 2nd period - Slapshot by Andreas Athanasiou.
13:24 of 2nd period - Shot Misses the Net.
13:38 of 2nd period - Slapshot by Taylor Beck.
13:38 of 2nd period - Stopped by Carey Price without a rebound.
13:39 of 2nd period - Kevin Hayes wins face-off versus Nathan MacKinnon in Blues zone.
13:46 of 2nd period - Wrist shot by Kevin Hayes.
13:46 of 2nd period - Shot Misses the Net.
13:48 of 2nd period - Slapshot by Alex Petrovic.
13:48 of 2nd period - Stopped by Carey Price with a rebound.
13:50 of 2nd period - Wrist shot by Kevin Hayes.
13:50 of 2nd period - Stopped by Carey Price with a rebound.
14:27 of 2nd period - Mikael Backlund is hit by Danton Heinen.
14:33 of 2nd period - Snap shot by Zack Kassian.
14:33 of 2nd period - Deflect By Jonathan Toews.
14:33 of 2nd period - Stopped by Carey Price without a rebound.
14:34 of 2nd period - Jonathan Toews wins face-off versus Adam Henrique in Blues zone.
14:35 of 2nd period - Wrist shot by Zack Kassian.
14:35 of 2nd period - Stopped by Carey Price without a rebound.
14:36 of 2nd period - Adam Henrique wins face-off versus Kevin Hayes in Blues zone.
15:03 of 2nd period - David Booth is hit by Nathan MacKinnon and loses puck.
15:46 of 2nd period - Linus Omark is hit by Victor Oreskovich and loses puck.
16:09 of 2nd period - Backhand shot by John Quenneville.
16:09 of 2nd period - Deflect By Andreas Athanasiou.
16:09 of 2nd period - Shot Blocked by Seth Jones.
16:09 of 2nd period - Puck is out of play.
16:10 of 2nd period - Adam Henrique wins face-off versus John Quenneville in Blues zone.
16:19 of 2nd period - Slapshot by Torey Krug.
16:19 of 2nd period - Stopped by Carey Price with a rebound.
16:21 of 2nd period - Slapshot by Torey Krug.
16:21 of 2nd period - Shot Blocked by Seth Jones.
16:25 of 2nd period - Snap shot by John Quenneville.
16:25 of 2nd period - Shot Misses the Net.
16:56 of 2nd period - Snap shot by Mikael Backlund.
16:56 of 2nd period - Stopped by Carey Price with a rebound.
16:58 of 2nd period - Slapshot by Torey Krug.
16:58 of 2nd period - Deflect By Matt Read.
16:58 of 2nd period - Shot Blocked by Devin Setoguchi.
16:58 of 2nd period - Puck is out of play.
16:59 of 2nd period - David Booth wins face-off versus Drew Shore in Blues zone.
17:15 of 2nd period - Snap shot by Devin Setoguchi.
17:15 of 2nd period - Shot Misses the Net.
17:17 of 2nd period - Wrist shot by Devin Setoguchi.
17:17 of 2nd period - Stopped by Kevin Poulin without a rebound.
17:18 of 2nd period - Kevin Hayes wins face-off versus Adam Henrique in Bruins zone.
17:44 of 2nd period - Jason Demers is hit by David Perron and loses puck.
17:51 of 2nd period - Snap shot by Nikolaj Ehlers.
17:51 of 2nd period - Stopped by Kevin Poulin without a rebound.
17:52 of 2nd period - John Quenneville wins face-off versus Adam Henrique in Bruins zone.
18:03 of 2nd period - Backhand shot by Andreas Athanasiou.
18:03 of 2nd period - Shot Blocked by Cody Ceci.
18:23 of 2nd period - Wrist shot by Nikolaj Ehlers.
18:23 of 2nd period - Stopped by Kevin Poulin without a rebound.
18:24 of 2nd period - Adam Henrique wins face-off versus Kevin Hayes in Bruins zone.
18:24 of 2nd period - Alex Pietrangelo is hit by Brendan Smith and loses puck.
18:49 of 2nd period - Jacob Slavin is hit by Brendan Smith and loses puck.
18:56 of 2nd period - Snap shot by Taylor Beck.
18:56 of 2nd period - Shot Blocked by Brandon Montour.
19:32 of 2nd period - Wrist shot by Tyler Johnson.
19:32 of 2nd period - Shot Blocked by Torey Krug.
19:34 of 2nd period - Wrist shot by Tyler Johnson.
19:34 of 2nd period - Shot Misses the Net.
19:36 of 2nd period - Slapshot by Cody Ceci.
19:36 of 2nd period - Shot Blocked by Torey Krug.
19:38 of 2nd period - Slapshot by Seth Jones.
19:38 of 2nd period - Stopped by Kevin Poulin without a rebound.
19:39 of 2nd period - Kevin Hayes wins face-off versus Adam Henrique in Bruins zone.
Goals for this period are 0 for Bruins vs 0 for Blues.
Shots for this period are 13 for Bruins vs 8 for Blues.
3rd period
0:01 of 3rd period - Kevin Hayes wins face-off versus Adam Henrique in neutral zone.
0:27 of 3rd period - Jacob Slavin is hit by John Quenneville and loses puck.
1:07 of 3rd period - Minor Penalty to Linus Omark for Delaying the game.
1:08 of 3rd period - Drew Shore wins face-off versus Jonathan Toews in Blues zone.
1:22 of 3rd period - Wrist shot by Zack Kassian.
1:22 of 3rd period - Shot Hit the Post.
1:46 of 3rd period - Cody Ceci is hit by Torey Krug and loses puck.
3:07 of 3rd period - Penalty to Linus Omark is over, Linus Omark is back on ice.
3:16 of 3rd period - Nikolaj Ehlers is hit by Andreas Athanasiou and loses puck.
4:04 of 3rd period - Adam Pelech is hit by Drew Shore and loses puck.
6:03 of 3rd period - Matt Martin is hit by Victor Oreskovich and loses puck.
6:19 of 3rd period - Taylor Beck is hit by Devin Setoguchi and loses puck.
6:34 of 3rd period - Nathan MacKinnon is hit by Matt Read and loses puck.
6:55 of 3rd period - Zack Kassian is hit by Filip Forsberg and loses puck.
7:10 of 3rd period - Victor Oreskovich is hit by Danton Heinen and loses puck.
7:30 of 3rd period - Nikolaj Ehlers is hit by Mikael Backlund and loses puck.
7:59 of 3rd period - Wrist shot by Filip Forsberg.
7:59 of 3rd period - Shot Misses the Net.
8:45 of 3rd period - Mikael Backlund is hit by Seth Jones and loses puck.
9:00 of 3rd period - Brendan Smith is hit by Tyler Johnson and loses puck.
9:59 of 3rd period - Brendan Smith is hit by Adam Henrique and loses puck.
10:18 of 3rd period - Brendan Smith is hit by Devin Setoguchi and loses puck.
10:25 of 3rd period - Wrist shot by Matt Martin.
10:25 of 3rd period - Deflect By Taylor Beck.
10:25 of 3rd period - Shot Blocked by Jason Demers.
10:25 of 3rd period - Puck is out of play.
10:26 of 3rd period - Adam Henrique wins face-off versus Kevin Hayes in Bruins zone.
11:24 of 3rd period - Jonathan Toews is hit by Seth Jones and loses puck.
11:42 of 3rd period - Snap shot by Devin Setoguchi.
11:42 of 3rd period - Shot Misses the Net.
12:49 of 3rd period - Snap shot by Wojtek Wolski.
12:49 of 3rd period - Shot Misses the Net.
12:51 of 3rd period - Snap shot by Jonathan Toews.
12:51 of 3rd period - Stopped by Carey Price without a rebound.
12:52 of 3rd period - Adam Henrique wins face-off versus Kevin Hayes in Blues zone.
12:52 of 3rd period - Adam Henrique is hit by Torey Krug.
12:59 of 3rd period - Martin Marincin is hit by Gabriel Landeskog and loses puck.
13:08 of 3rd period - Wrist shot by Gabriel Landeskog.
13:08 of 3rd period - Shot Blocked by Martin Marincin.
13:22 of 3rd period - Snap shot by Taylor Beck.
13:22 of 3rd period - Shot Misses the Net.
13:24 of 3rd period - Snap shot by Andreas Athanasiou.
13:24 of 3rd period - Shot Misses the Net.
13:26 of 3rd period - Slapshot by Andreas Athanasiou.
13:26 of 3rd period - Shot Blocked by David Perron.
14:00 of 3rd period - Filip Forsberg is hit by Victor Oreskovich and loses puck.
14:24 of 3rd period - Samuel Morin is hit by John Quenneville and loses puck.
14:39 of 3rd period - Gabriel Landeskog is hit by Cody Ceci and loses puck.
15:10 of 3rd period - Slapshot by Mikael Backlund.
15:10 of 3rd period - Stopped by Carey Price with a rebound.
15:54 of 3rd period - Slapshot by David Perron.
15:54 of 3rd period - Shot Misses the Net.
16:34 of 3rd period - Slapshot by Mikael Backlund.
16:34 of 3rd period - Shot Misses the Net.
16:36 of 3rd period - Backhand shot by Adam Pelech.
16:36 of 3rd period - Stopped by Carey Price with a rebound.
16:50 of 3rd period - Brandon Montour is hit by Andreas Athanasiou and loses puck.
17:20 of 3rd period - Slapshot by Tyler Johnson.
17:20 of 3rd period - Shot Blocked by Matt Read.
17:22 of 3rd period - Wrist shot by Adam Henrique.
17:22 of 3rd period - Goal by Adam Henrique - Bruins : 1 - Blues : 2.
17:23 of 3rd period - Mikael Backlund wins face-off versus Adam Henrique in neutral zone.
17:49 of 3rd period - Devin Setoguchi is hit by Victor Oreskovich and loses puck.
18:35 of 3rd period - Wrist shot by Filip Forsberg.
18:35 of 3rd period - Stopped by Kevin Poulin with a rebound.
18:40 of 3rd period - Minor Penalty to Tyler Johnson for Interference.
18:41 of 3rd period - Drew Shore wins face-off versus Jonathan Toews in Blues zone.
18:51 of 3rd period - Slapshot by Drew Shore.
18:51 of 3rd period - Shot Misses the Net.
19:05 of 3rd period - Bruins, Kevin Poulin is pulled from the net.
19:09 of 3rd period - Snap shot by Wojtek Wolski.
19:09 of 3rd period - Shot Misses the Net.
19:11 of 3rd period - Snap shot by Brendan Smith.
19:11 of 3rd period - Stopped by Carey Price with a rebound.
19:13 of 3rd period - Slapshot by Kevin Hayes.
19:13 of 3rd period - Stopped by Carey Price with a rebound.
19:15 of 3rd period - Slapshot by Josh Manson.
19:15 of 3rd period - Shot Blocked by Martin Marincin.
19:17 of 3rd period - Slapshot by Wojtek Wolski.
19:17 of 3rd period - Stopped by Carey Price with a rebound.
19:35 of 3rd period - Snap shot by Filip Forsberg.
19:35 of 3rd period - Goal by Filip Forsberg - Bruins : 1 - Blues : 3.
19:35 of 3rd period - Kevin Poulin from Bruins was sent back in the game.
19:36 of 3rd period - Jonathan Toews wins face-off versus Drew Shore in neutral zone.
Goals for this period are 0 for Bruins vs 2 for Blues.
Shots for this period are 6 for Bruins vs 3 for Blues.